 Dungeon Crawl Stone Soup version 0.16.1-18-g436b03c (webtiles) character file.

186 Mellonil the Sneak (level 5, 31/31 HPs)
             Began as an Octopode Fire Elementalist on May 5, 2015.
             Quit the game on level 3 of the Dungeon on May 6, 2015.
             The game lasted 00:25:42 (3486 turns).

Mellonil the Sneak (Octopode Fire Elementalist)     Turns: 3486, Time: 00:25:42

Health: 31/31      AC:  1    Str:  7    XL:     5   Next: 65%
Magic:  11/11      EV: 13    Int: 19    God:
Gold:   72         SH:  0    Dex: 12    Spells: 3 memorised, 4 levels left

rFire  . . .     SeeInvis .     d - +1 falchion (slice)
rCold  . . .     Clarity  .     (no shield)
rNeg   . . .     SustAb   .     (helmet restricted)
rPois  .         Gourm    .     (no amulet)
rElec  .         Spirit   .     (no ring)
rCorr  .         Warding  .     (no ring)
rMut   .         Stasis   .     (no ring)
MR     .....                    (no ring)
Stlth  ++++......               (no ring)
                                (no ring)
                                (no ring)
                                (no ring)

@: not resistant to hostile enchantments, stealthy
A: almost no armour, amphibious, 8 rings, constrict 8, camouflage 1, gelatinous
body 1
a: no special abilities


You were on level 3 of the Dungeon.
You were very hungry.

You visited 1 branch of the dungeon, and saw 3 of its levels.

You collected 72 gold pieces.

Inventory:

Hand weapons
 d - a +1 falchion of slicing (weapon)
Jewellery
 l - a +3 ring of strength {unknown}
Scrolls
 e - a scroll of remove curse {unknown}
 f - a scroll of identify {unknown}
 g - a scroll of teleportation {unknown}
 h - a scroll of recharging {unknown}
 i - a scroll of amnesia {unknown}
 m - 2 scrolls of magic mapping {unknown}
Potions
 a - a potion of brilliance
 j - a potion of mutation {unknown}
 k - 2 potions of might {unknown}
 n - a potion of restore abilities
Books
 b - a book of Flames

   Spells                             Type                      Level
   a - Flame Tongue                   Conjuration/Fire             1
   b - Throw Flame                    Conjuration/Fire             2
   c - Conjure Flame                  Conjuration/Fire             3
   d - Inner Flame                    Hexes/Fire                   3
   e - Sticky Flame                   Conjuration/Fire             4
   f - Fireball                       Conjuration/Fire             5
Comestibles
 c - 2 bread rations
 o - 2 meat rations


   Skills:
 * Level 3.4 Dodging
 + Level 3.8 Stealth
 * Level 3.3 Spellcasting
 + Level 1.9 Conjurations
 + Level 3.5 Fire Magic


You had 4 spell levels left.
You knew the following spells:

 Your Spells              Type           Power        Failure   Level  Hunger
a - Flame Tongue          Conj/Fire      ##...        6%          1    None
b - Throw Flame           Conj/Fire      ##....       10%         2    ##.....
c - Conjure Flame         Conj/Fire      ##......     14%         3    ###....


Dungeon Overview and Level Annotations

Branches:
Dungeon (3/15)

Altars:

Annotations:
D:2 Sigmund


Innate Abilities, Weirdness & Mutations

You cannot wear most types of armour.
You are amphibious.
You can wear up to eight rings at the same time.
You can use your tentacles to constrict many enemies at once.
Your skin changes colour to match your surroundings (Stealth).
Your rubbery body absorbs attacks (AC +1).


Message History

All of the chunks of flesh in your inventory have rotted away.
You start resting.
Magic restored.
You start resting.
You are feeling hungry.
Eat which item? (? for menu, Esc to quit)
Okay, then.
You start resting.
You start resting.
HP restored.
c - 2 bread rations (gained 1)
You see here a hand axe.
m - 2 scrolls labeled SAEGU TAOMN (gained 1)
h - a scroll labeled THUMES OTREFOM You are feeling very hungry.
An orc comes into view. It is wielding a flail.
Saving game... please wait.
Welcome back, Mellonil the Octopode Fire Elementalist.
Press ? for a list of commands and other information.
Are you sure you want to abandon this character and quit the game? (Confirm with "yes".)

. ..####..# .# ###....##
#. #.#### ... #)#####
#..####.#....
#......).....
..##########....###.....
#.......#......# ###....
.o......@......##...#####
..#####.....##..###......
#..##.........#####
#...#####..#.#.###
#...........#.#...##
.....#######.#...#..##
.#... #..##.##..# ##.#
##.##...... #.#####...


You could see an orc (wandering).

Vanquished Creatures
  A crimson imp (D:3)
  Natasha (D:3)
  An orc wizard (D:3)
  Ijyb (D:2)
  Jessica (D:2)
  2 adders (D:2)
  A worm (D:3)
  2 giant geckos
  9 orcs (D:3)
  6 bats
  5 goblins
  5 hobgoblins
  3 jackals (D:3)
  10 kobolds
  A quokka (D:3)
  2 ball pythons
  2 giant newts (D:1)
  20 rats
73 creatures vanquished.

Vanquished Creatures (others)
  An orc (D:3)
1 creature vanquished.

Grand Total: 74 creatures vanquished

Notes
Turn   | Place    | Note
--------------------------------------------------------------
     0 | D:1      | Mellonil, the Octopode Fire Elementalist, began the quest for the Orb.
     0 | D:1      | Reached XP level 1. HP: 11/11 MP: 3/3
   320 | D:1      | Reached XP level 2. HP: 17/17 MP: 2/4
   345 | D:1      | Learned a level 2 spell: Throw Flame
  1011 | D:2      | Noticed Sigmund
  1225 | D:2      | Reached XP level 3. HP: 21/21 MP: 4/6
  1249 | D:2      | Learned a level 3 spell: Conjure Flame
  1269 | D:2      | Noticed Jessica
  1296 | D:2      | Noticed Ijyb
  1648 | D:2      | Killed Ijyb
  1801 | D:2      | Reached XP level 4. HP: 15/27 MP: 2/8
  1954 | D:2      | Killed Jessica
  2433 | D:3      | Reached XP level 5. HP: 31/31 MP: 1/11
  2741 | D:3      | Noticed Natasha
  3208 | D:3      | Killed Natasha
  3486 | D:3      | Quit the game

Action                   |  1- 3 |  4- 6 || total
-------------------------+-------+-------++-------
Melee: Short sword       |    13 |       ||    13
       Falchion          |       |    12 ||    12
 Cast: Flame Tongue      |    42 |    65 ||   107
       Throw Flame       |     2 |    11 ||    13
       Conjure Flame     |     1 |       ||     1
  Use: Potion            |     3 |       ||     3
  Eat: Chunk             |     3 |     5 ||     8
